 Dungeon Crawl Stone Soup version 0.28-b1-78-gc65acfa365 (webtiles) character file.

Game seed: 10343584239243837248

74 Exporg the Shield-Bearer (level 4, -1/37 HPs)
             Began as a Formicid Fighter on Feb 4, 2022.
             Slain by a goblin (2 damage)
             ... led by Robin
             ... on level 2 of the Dungeon.
             The game lasted 00:01:49 (951 turns).

Exporg the Shield-Bearer (Formicid Fighter)          Turns: 951, Time: 00:01:51

Health: -1/37      AC:  7    Str: 21    XL:     4   Next: 54%
Magic:  4/4        EV:  9    Int:  7    God:
Gold:   50         SH:  5    Dex: 12    Spells: 3/3 levels left

rFire   . . .      SeeInvis +   a - +0 trident
rCold   . . .      Faith    .   c - +0 buckler
rNeg    . . .      Spirit   .   b - +0 scale mail
rPois   .          Reflect  .   (helmet unavailable)
rElec   .          Harm     .   (no cloak)
rCorr   .          Rampage  .   (no gloves)
Will    .....                   (no boots)
Stlth   ..........              (no amulet)
HPRegen 0.12/turn               (no ring)
MPRegen 0.09/turn               (no ring)

@: no status effects
A: permanent stasis, dig shafts and tunnels, antennae 3, four strong arms
a: Dig, Shaft Self


You were on level 2 of the Dungeon.
You visited 1 branch of the dungeon, and saw 2 of its levels.

You collected 50 gold pieces.

Inventory:

Hand Weapons
 a - a +0 trident (weapon)
Missiles
 k - 18 bolts
Armour
 b - a +0 scale mail (worn)
 c - a +0 buckler (worn)
Scrolls
 e - 2 scrolls of identify {unknown}
 i - a scroll of amnesia {unknown}
Potions
 d - a potion of might
 g - a potion of mutation {unknown}
 h - a potion of resistance {unknown}
 j - a potion of berserk rage {unknown}


   Skills:
 + Level 3.8 Fighting
 + Level 2.5 Polearms
 + Level 4.0 Armour
 + Level 1.0 Dodging
 + Level 4.2 Shields


You had 3 spell levels left.
You didn't know any spells.
Your spell library contained the following spells:

 Spells                   Type           Power      Damage    Failure   Level
 Animate Skeleton         Necr           0%         N/A       83%         1
 Apportation              Tloc           0%         N/A       83%         1
 Summon Small Mammal      Summ           0%         N/A       83%         1


Dungeon Overview and Level Annotations

Branches:
Dungeon (2/15)

Altars:

Annotations:
D:2 Robin


Innate Abilities, Weirdness & Mutations

You cannot be hasted, slowed, berserked, paralysed or teleported.
You can dig through walls and to a lower floor.
You have a pair of large antennae on your head. (SInv)
Your four strong arms can wield two-handed weapons with a shield.


Message History

You hit the goblin.
The goblin is severely wounded.
The goblin barely misses you. You block the goblin's attack.
Robin closely misses you.
You closely miss the goblin.
The goblin is severely wounded.
You block the goblin's attack. The goblin hits you but does no damage.
You barely miss the goblin.
The goblin is severely wounded.
The goblin hits you but does no damage. The goblin barely misses you.
Robin barely misses you. The goblin closely misses you.
You closely miss the goblin.
The goblin is severely wounded.
The goblin hits you but does no damage.
Robin hits you from afar with a +0 trident of flaming.
* * * LOW HITPOINT WARNING * * *
Robin burns you.
* * * LOW HITPOINT WARNING * * *
The goblin hits you with a +0 club.
* * * LOW HITPOINT WARNING * * *
The goblin barely misses you.
You closely miss the goblin.
The goblin is severely wounded.
The goblin no longer looks unusually strong.
You block Robin's attack.
The goblin hits you but does no damage. x2
You hit the goblin.
You kill the goblin!
The goblin no longer looks unusually strong.
Robin throws the goblin at you! The goblin hits you but does no damage.
The goblin closely misses you.
Robin roars a battlecry!
The goblins go into a battle-frenzy!
Are you sure you want to shaft yourself?
The hobgoblin no longer looks unusually strong.
The goblin barely misses you. The goblin hits you but does no damage.
You begin to dig a shaft.
You continue digging a shaft.
The goblin hits you with a +0 club.
* * * LOW HITPOINT WARNING * * *
The goblin hits you with a +0 club.
You die...

....... ... ....... .(#
#.#..... ..# ##....# #.#
##<.##### #.#
........########.####...
........##............####.
..........).####g##....#...
.....†....#..###@##........
.......#.###..{#g##........
###...##.#####{gg##........
#.....##.[#....gJ).........
........#.........)....<...
..).....##.................
..†........................
.....................g.....
...................##.#....


You could see Robin, an endoplasm, 2 hobgoblins and 2 goblins.

Vanquished Creatures
  Terence (D:2)
  A worm (D:2)
  A dart slug (D:1)
  2 ball pythons (D:1)
  3 endoplasms (D:2)
  11 goblins
  3 hobgoblins (D:1)
  4 jackals (D:1)
  2 kobolds
  2 quokkas (D:1)
  2 bats
  4 rats
36 creatures vanquished.

Notes
Turn   | Place    | Note
-------+----------+-------------------------------------------
     0 | D:1      | Exporg the Formicid Fighter began the quest for the Orb.
     0 | D:1      | Reached XP level 1. HP: 18/18 MP: 1/1
   313 | D:1      | Reached XP level 2. HP: 24/24 MP: 2/2
   470 | D:1      | Reached XP level 3. HP: 26/29 MP: 3/3
   619 | D:1      | Found a faded altar of an unknown god.
   910 | D:2      | Noticed Terence
   916 | D:2      | Killed Terence
   917 | D:2      | Reached skill level 1 in Dodging
   917 | D:2      | Reached XP level 4. HP: 34/37 MP: 4/4
   920 | D:2      | Noticed Robin
   951 | D:2      | HP: 1/37 [goblin[Robin] (2)]
   951 | D:2      | Slain by a goblin

Illustrated notes

Levels and vault maps discovered:
D:1:      dpeg_arrival_boxes_within_box, layout_rooms,
          shapermc_ecumenical_altar_petra
D:2:      layout_rooms, uniq_robin, uniq_terence

Skill      XL: |  1  2  3  4 |
---------------+-------------+-----
Shields        | 4 |  4.2
Dodging        | 1 |  1.0
Armour         | 4 |  4.0
Fighting       | |  3.8
Polearms       | |  2.5

Action                   |  1- 3 |  4- 6 || total
-------------------------+-------+-------++-------
Melee: Trident           |   105 |    22 ||   127
 Abil: Shaft Self        |       |     1 ||     1
  Use: Potion            |       |     1 ||     1
Armor: Scale mail        |    45 |    20 ||    65
Dodge: Dodged            |    39 |    18 ||    57
Block: Buckler           |    19 |    11 ||    30
